Unix NetHack Version 5.0.0-0 post-release - last build Jun 10 2026 00:39:30 (3ee93aec679c4c4259841fe613dc97188e26a321,branch:main).

Game began 2026-06-13 01:35:42, ended 2026-06-13 01:48:50.

Drastanta, neutral male human Barbarian

                                                  --------
                                                  |..|.|.--      ----
                                                  |.<..*..----   |..----
                                                  --..)--....---  .....|
                                                   -------.....----....--
                                                       ----.....%.......|
                                                      --........--.....--
                                                     ....-.....G.......-
                                              ----....  -.............0..     |
                                              |..........^.................-
                                                 ---  ----.........-.---   ..|
                                                         |-.....:d..-|
                                                         |...........----
                                                         --...---.....|.--
                                                          |...| |........|
                                                          -..-- |...h?...|
                                                          ..--  --...@..--
                                                         ..--    --.....|
                                                        |..       |.....|
                                                        ---       ---.---
                                                                    ---
Drastanta the Pillager     St:17 Dx:18 Co:18 In:7 Wi:8 Ch:7  Neutral
Dlvl:5  $:1471 HP:0(65) Pw:10(10) AC:7  Xp:5 T:2076 

Latest messages:
 Idefix misses the dwarf.
 Idefix bites the dwarf.
 The dwarf thrusts her dwarvish short sword at Idefix.
 The dwarf misses Idefix.
 Idefix bites the dwarf.
 The dwarf throws a dwarvish spear!
 A dwarvish spear misses you.
 Idefix misses the dwarf.
 You smite the paper golem.
 You hear a B flat squeak in the distance.
 The paper golem hits!
 Idefix misses the dwarf.
 The dwarf picks up 2 gems.
 Idefix misses the dwarf.
 You smite the paper golem.
 The paper golem hits!
 Idefix misses the dwarf.
 The gnome lord picks up an elven dagger.
 You smite the paper golem.
 The paper golem hits!
 Idefix misses the dwarf.
 The dwarf picks up a dwarvish spear.
 The dwarf throws a dart!
 A dart misses you.
 Idefix misses the dwarf.
 You smite the paper golem.
 The paper golem just misses!
 Idefix misses the dwarf.
 The dwarf picks up a yellowish brown gem.
 You smite the paper golem.
 The paper golem hits!
 Idefix misses the dwarf.
 The dwarf throws a dart!
 You are hit by a dart.
 Idefix misses the dwarf.
 You smite the paper golem.
 The paper golem hits!
 Idefix misses the dwarf.
 You hear a B flat squeak in the distance.
 You destroy the paper golem!
 You miss the dwarf.
 You miss the dwarf.
 Idefix misses the gecko.
 You smite the dwarf.
 Idefix bites the gecko.
 The gecko bites Idefix.
 The dwarf thrusts her dwarvish short sword.
 The dwarf hits!
 You die...
 Do you want your possessions identified? [ynq] (y) q

Inventory:
 Coins    ('$')
  $ - 1471 gold pieces
 Amulets  ('"')
  f - an uncursed amulet of guarding
 Weapons  (')')
  b - a very corroded +0 axe (weapon in right hand)
  a - a corroded +0 two-handed sword (alternate weapon; not wielded)
 Armor    ('[')
  w - an uncursed +0 pair of iron shoes
  C - an uncursed +0 pair of iron shoes
  x - an uncursed +0 dwarvish cloak
  c - an uncursed +0 ring mail (being worn)
 Comestibles  ('%')
  t - an uncursed lembas wafer
 Scrolls  ('?')
  j - an uncursed scroll of identify
 Potions  ('!')
  i - an uncursed potion of water
 Wands    ('/')
  e - a wand of digging (0:8)
  h - a wand of digging (0:6)
  v - a blessed wand of fire (0:7)
 Tools    ('(')
  u - an empty uncursed bag of holding
  D - an uncursed blindfold
  y - a +0 pick-axe
 Gems/Stones  ('*')
  z - an uncursed worthless piece of orange glass
  A - an uncursed luckstone

Drastanta the Barbarian's attributes:

Background:
 You were a Pillager, a level 5 male human Barbarian.
 You were neutral, on a mission for Crom
 who was opposed by Mitra (lawful) and Set (chaotic).
 You were right-handed.
 You were in the Gnomish Mines, on level 5.
 You entered the dungeon 2076 turns ago.
 It was nighttime.
 You had 240 experience points, 80 more were needed to attain level 6.

Basics:
 You had 0 out of 65 hit points.
 You had all 10 energy points (spell power).
 Your armor class was 7.
 Your wallet contained 1471 zorkmids.
 Autopickup was on for '$' plus thrown.

Final Characteristics:
 Your strength was 17 (limit:18/100).
 Your dexterity was 18 (limit:18).
 Your constitution was 18 (limit:18).
 Your intelligence was 7 (limit:18).
 Your wisdom was 8 (limit:18).
 Your charisma was 7 (limit:18).

Final Status:
 You weren't hungry.
 You were unencumbered.
 You were wielding an axe.
 You had basic skill with axe.

Final Attributes:
 You were piously aligned.
 You were poison resistant.
 You were warded.
 Your spell casting was impaired by metallic armor.
 You were lucky.
 You had extra luck.
 Bad luck did not time out for you.
 Good luck did not time out for you.
 You are dead.

Miscellaneous:
 You encountered 1 bones level.
 Total elapsed playing time was 13 minutes and 7 seconds.

Major events:
 Turn
    1: Drastanta the neutral male human Barbarian entered the dungeon
  869: attained the rank of Pillager (level 3)
 1656: entered the Gnomish Mines
 2076: killed by a dwarf

Spells:
 Name                 Level Category     Fail Retention
 cure blindness         2   healing      100%  76%-100%
 cure sickness          3   healing      100%  76%-100%
 slow monster           2   enchantment  100%  76%-100%

Skills:
 Fighting Skills
   bare handed combat [Basic]
   two weapon combat  [Unskilled]
   riding             [Unskilled]
 Weapon Skills
   dagger             [Unskilled]
   axe                [Basic]
   pick-axe           [Unskilled]
   short sword        [Unskilled]
   broadsword         [Unskilled]
   long sword         [Unskilled]
   two-handed sword   [Basic]
   saber              [Unskilled]
   club               [Unskilled]
   mace               [Unskilled]
   morning star       [Unskilled]
   flail              [Unskilled]
   hammer             [Unskilled]
   quarterstaff       [Unskilled]
   spear              [Unskilled]
   trident            [Unskilled]
   bow                [Unskilled]
 Spellcasting Skills
   attack spells      [Unskilled]
   escape spells      [Unskilled]

Voluntary challenges:
 Character rerolling was not enabled.
 You never genocided any monsters.
 You never polymorphed an object.
 You never changed form.
 You used no wishes.
Achievements:
 You entered a shop.
 You attained the rank of Pillager.
 You entered the Gnomish Mines.

 The Dungeons of Doom: levels 1 to 4
    Level 1:
       Some fountains.
    Level 2:
    Level 3:
       A bookstore, a fountain.
       Stairs down to The Gnomish Mines.
    Level 4:
       Final resting place for
          needler-Tou-Hum-Mal-Neu, killed by a kobold lord, while fainted from lack of food.
 The Gnomish Mines: levels 4 to 5
    Level 4:
    Level 5: <- You were here.
       Final resting place for
          you, killed by a dwarf.


Vanquished creatures:
  3 gnome leaders
  a paper golem
  a floating eye
  3 dwarves
  a homunculus
  a kobold leader
  a monkey
  3 acid blobs
  a hobbit
  2 large kobolds
  a red mold
 12 gnomes
  2 geckos
  9 jackals
  2 foxes
  4 goblins
  4 grid bugs
  2 bats
  4 lichens
  3 newts
60 creatures vanquished.

No species were genocided or became extinct.

Game over:
                       ----------
                      /          \
                     /    REST    \
                    /      IN      \
                   /     PEACE      \
                  /                  \
                  |    Drastanta     |
                  |     1471 Au      |
                  |   killed by a    |
                  |      dwarf       |
                  |                  |
                  |                  |
                  |       2026       |
                 *|     *  *  *      | *
        _________)/\\_//(\/(/\)/\//\/|_)_______

Goodbye Drastanta the Barbarian...

You died in The Gnomish Mines on dungeon level 5 with 2484 points,
and 1471 pieces of gold, after 2076 moves.
You were level 5 with a maximum of 65 hit points when you died.

